AoeStats
← Gaa

African Clearing

512479201Analyzed
4v4 RM · 7d ago on Oct 9, 2026· 21m 15s· 8 players
Game mode
Random Map
Map size
Large (8 player)
Population
200
Speed
Normal
Resources
Standard
Victory
Conquest
Starting age
Dark Age
Ending age
Imperial Age
RankedLock teamsTeams togetherTeam positionsShared explorationLock speedFull tech treeHidden civsTurbo modeCheats
Victory
Defeat
🇹🇷 Dravidians · Türkiye
1481
+10
🇹🇷 Magyars · Türkiye
1434
+12
🇹🇷 Italians · Türkiye
1360
+15
🇹🇷 Slavs · Türkiye
1318
+17
vs
🇨🇴 Magyars · Colombia
1355
-14
🇹🇼 Huns · Taiwan
1349
-14
🇦🇷 Tatars · Argentina
1336
-13
🇺🇾 Mongols · Uruguay
1329
-13
TITO15
6:19 Loom
13:47 Feudal Age
16:25 Double-Bit Axe
18:49 Castle Age
17:08 Horse Collar
[Gaucho] Crixsus
4:06 Loom
13:12 Feudal Age
13:58 Double-Bit Axe
19:44 Castle Age
18:20 Gold Mining
19:11 Fletching
21:00 Husbandry
Gaa
10:50 Loom
11:17 Loom
12:08 Loom
14:47 Feudal Age
16:03 Double-Bit Axe
19:21 Castle Age
神鬼戰士
6:11 Loom
15:23 Feudal Age
17:32 Wheelbarrow
16:44 Town Watch
16:47 Double-Bit Axe
17:46 Horse Collar
20:29 Castle Age
20:03 Fletching
20:28 Stone Mining
waLLefps.
8:16 Loom
18:05 Feudal Age
21:54 Castle Age
22:00 Castle Age
19:50 Double-Bit Axe
20:01 Horse Collar
Tameryig1t
9:11 Loom
15:50 Feudal Age
20:40 Castle Age
19:19 Scale Barding Armor
19:39 Double-Bit Axe
19:37 Horse Collar
21:30 Wheelbarrow
20:47 Gold Mining
klostrofobikköstebek
10:36 Loom
12:22 Feudal Age
16:37 Castle Age
15:37 Double-Bit Axe
16:50 Padded Archer Armor
16:41 Fletching
18:32 Bow Saw
19:20 Wheelbarrow
İhtiyar
3:13 Loom
13:50 Feudal Age
18:22 Castle Age
16:28 Double-Bit Axe
17:47 Stone Mining
17:48 Gold Mining
17:41 Horse Collar
20:47 Wheelbarrow
Connection lost

Rejoining the realm…

Still unreachable

The connection could not be restored.

Session expired

The server has moved on; the page needs a fresh start.